 Dungeon Crawl Stone Soup version 0.17-a0-1731-g129c023 (webtiles) character file.

821 Lippupalvelu the Poker (level 7, -5/91 HPs)
             Began as a Minotaur Berserker on Aug 29, 2015.
             Was an Elder of Trog.
             Slain by Lippupalvelu's ghost (17 damage)
             ... on level 5 of the Dungeon.
             The game lasted 00:20:42 (3848 turns).

Lippupalvelu the Poker (Minotaur Berserker)         Turns: 3848, Time: 00:20:42

Health: -5/91      AC: 12    Str: 27 (28) XL:     7   Next: 63%
Magic:  6/6        EV: 10    Int:  4      God:    Trog [****..]
Gold:   330        SH:  0    Dex:  8      Spells: 0 memorised, 6 levels left

rFire  . . .     SeeInvis .     l - +2 halberd
rCold  . . .     Clarity  .     x - +0 chain mail
rNeg   . . .     SustAt   .     (no shield)
rPois  .         Gourm    .     (helmet restricted)
rElec  .         Spirit   .     t - +0 cloak
rCorr  .         Warding  .     j - +0 pair of gloves
rMut   .         Stasis   .     (no boots)
MR     .....                    (no amulet)
Stlth  ..........               (no ring)
                                (no ring)

@: berserking, very quick, not resistant to hostile enchantments, extremely
unstealthy
A: retaliatory headbutt, horns 2, clumsy 1
a: Burn Spellbooks, Berserk, Trog's Hand, Brothers in Arms, Renounce Religion


You were on level 5 of the Dungeon.
You worshipped Trog.
Trog was greatly pleased with you.
You were hungry.

You visited 1 branch of the dungeon, and saw 5 of its levels.

You collected 330 gold pieces.

Inventory:

Hand weapons
 a - a +0 spear
 f - a +0 spear
 l - a +2 halberd (weapon)
 m - a cursed -1 whip
 o - a +0 great sword
 q - a +3 hand axe
 r - a +0 short sword
 s - a +2 quarterstaff of chaos
 u - a cursed -3 hammer
 D - a +0 trident
 E - a cursed +0 arbalest
Armour
 b - a +1 animal skin
 j - a +0 pair of gloves (worn)
 k - a +0 leather armour
 p - a +0 scale mail
 t - a +0 cloak (worn)
 x - a +0 chain mail (worn)
Magical devices
 d - a wand of flame (25)
Scrolls
 e - a scroll of blinking
 n - 2 scrolls of identify
 y - a scroll of teleportation
 z - a scroll of remove curse
Potions
 g - a potion of resistance
 i - 3 potions of heal wounds
 w - 3 potions of curing
 B - a potion of lignification {unknown}
Comestibles
 c - 5 bread rations
 h - 3 beef jerkies
 v - 3 chunks of flesh
 A - 2 meat rations
 C - a slice of pizza
 F - 2 fruits


   Skills:
 + Level 5.5 Fighting
 + Level 6.4 Polearms
 + Level 5.7 Armour
 + Level 5.1 Dodging
 + Level 1.4 Stealth


You had 6 spell levels left.
You didn't know any spells.

Dungeon Overview and Level Annotations

Branches:
Dungeon (5/15)             Temple (0/1) D:4

Altars:
Qazlal
Ru
Sif Muna
Vehumet

Shops:
D:5 [

Annotations:
D:5 Lippupalvelu's ghost, experienced MiBe


Innate Abilities, Weirdness & Mutations

You reflexively headbutt those who attack you in melee.
You have a pair of horns on your head.
You are clumsy. (Dex -2)


Message History

Your headbutt misses Lippupalvelu's ghost.
Lippupalvelu's ghost is lightly damaged.
Lippupalvelu's ghost hits you but does no damage.
You closely miss Lippupalvelu's ghost.
Your headbutt misses Lippupalvelu's ghost.
Lippupalvelu's ghost is lightly damaged.
Lippupalvelu's ghost hits you.
* * * LOW HITPOINT WARNING * * *
You barely miss Lippupalvelu's ghost. You headbutt Lippupalvelu's ghost!!
Lippupalvelu's ghost is heavily damaged.
Lippupalvelu's ghost hits you.
* * * LOW HITPOINT WARNING * * *
You closely miss Lippupalvelu's ghost.
Your headbutt misses Lippupalvelu's ghost.
Lippupalvelu's ghost is heavily damaged.
You miss Lippupalvelu's ghost.
Your headbutt misses Lippupalvelu's ghost.
Lippupalvelu's ghost is heavily damaged.
Lippupalvelu's ghost hits you!
You die...

........!†.................
#######.#######.###########
#.# #.# # #.# #.# # #.# #.#
# #.##### #.# # #.....# #.#
# #.#...# #.# # ####@## ###
# #§§§§#W#§§§§# #
#§§§§#.#§§§§# #
#§§§§#.#§§§§# ########
#§§§§#_#§§§§# ........
#§§§§###§§§§# ########
#§§§§§8§§§§§# #
#§§§§§§§§§§§# # #


You could see Lippupalvelu's ghost.

Vanquished Creatures
  3 ogres (D:5)
  Blork the orc (D:5)
  A scorpion (D:4)
  2 giant frog skeletons
  A centaur skeleton (D:5)
  An iguana (D:5)
  Crazy Yiuf (D:2)
  3 worker ants
  4 gnolls
  7 adders
  An ooze (D:3)
  A worm (D:4)
  A giant gecko (D:3)
  11 orcs
  3 bats
  5 giant cockroaches
  17 goblins
  13 hobgoblins
  4 quokkas
  A giant cockroach zombie (D:5)
  A giant gecko skeleton (D:5)
  9 giant newts
  11 jackals
  12 kobolds
  4 rats
118 creatures vanquished.

Vanquished Creatures (others)
  A shadow imp (D:5)
  A bat (D:5)
2 creatures vanquished.

Grand Total: 120 creatures vanquished

Notes
Turn   | Place    | Note
--------------------------------------------------------------
     0 | D:1      | Lippupalvelu the Minotaur Berserker began the quest for the Orb.
     0 | D:1      | Reached XP level 1. HP: 19/19 MP: 0/0
   180 | D:1      | Reached XP level 2. HP: 20/27 MP: 1/1
   363 | D:1      | Reached skill level 4 in Fighting
   665 | D:2      | Reached XP level 3. HP: 33/33 MP: 2/2
   670 | D:2      | Acquired Trog's second power
   838 | D:2      | Reached XP level 4. HP: 28/41 MP: 3/3
   988 | D:2      | Found a radiant altar of Vehumet.
  1207 | D:2      | Noticed Crazy Yiuf
  1213 | D:2      | Killed Crazy Yiuf
  1647 | D:3      | Reached XP level 5. HP: 34/47 MP: 4/4
  1728 | D:3      | Reached skill level 5 in Polearms
  1728 | D:3      | Reached skill level 1 in Stealth
  2029 | D:3      | Found a sacrificial altar of Ru.
  2304 | D:4      | Found a staircase to the Ecumenical Temple.
  2356 | D:4      | Reached skill level 5 in Fighting
  2356 | D:4      | Reached XP level 6. HP: 53/56 MP: 5/5
  2846 | D:5      | Entered Level 5 of the Dungeon
  2897 | D:5      | Gained mutation: You are clumsy. (Dex -2) [potion of mutation]
  2897 | D:5      | Gained mutation: You are weak. (Str -2) [potion of mutation]
  2897 | D:5      | Lost mutation: You are weak. (Str -2) [potion of mutation]
  2902 | D:5      | Noticed Blork the orc
  2907 | D:5      | Killed Blork the orc
  2928 | D:5      | Found a deep blue altar of Sif Muna.
  3280 | D:5      | Found Unyfy's Antique Armour Emporium.
  3341 | D:5      | Reached skill level 5 in Armour
  3341 | D:5      | Reached XP level 7. HP: 61/61 MP: 6/6
  3477 | D:5      | Acquired Trog's third power
  3656 | D:5      | Reached skill level 6 in Polearms
  3656 | D:5      | Reached skill level 5 in Dodging
  3834 | D:5      | Found a stormy altar of Qazlal.
  3834 | D:5      | Noticed Lippupalvelu's ghost (experienced MiBe)
  3848 | D:5      | Slain by Lippupalvelu's ghost

Vault maps used:
D:1:      lemuel_arrival_broad_hall
D:2:      overflow_temple_1_default, first_bread, kennysheep_generic_room_15,
          uniq_crazy_yiuf_cottage
D:3:      nicolae_ru_path_of_blood, kennysheep_generic_room_10
D:4:      minmay_temple_entry_large_hall, eino_tiny_chamber,
          minmay_splitting_lines, minmay_misc_feat_tower
D:5:      corexii_shantytown, old_standard_altar,
          nicolae_qazlal_eye_of_the_storm, serial_shops, kennysheep_mini_moat,
          uniq_blork_the_orc

Action                   |  1- 3 |  4- 6 |  7- 9 || total
-------------------------+-------+-------+-------++-------
Melee: Spear             |    50 |       |       ||    50
       Halberd           |    22 |   109 |   113 ||   244
Invok: Berserk           |       |     4 |     1 ||     5
  Use: Scroll            |     4 |     8 |     1 ||    13
       Potion            |     1 |     5 |       ||     6
  Eat: Chunk             |       |     6 |     1 ||     7
       Meat ration       |       |     1 |       ||     1
       Beef jerky        |       |     1 |       ||     1
